AoeStats
← albaevaarina0

Northern Isles

510296837Analyzed
1v1 RM · 1d ago on Sep 30, 2026· 27m 59s· 2 players
Game mode
Random Map
Map size
Tiny (2 player)
Population
200
Speed
Normal
Resources
Standard
Victory
Conquest
Starting age
Dark Age
Ending age
Imperial Age
RankedLock teamsTeams togetherTeam positionsShared explorationLock speedFull tech treeHidden civsTurbo modeCheats
Victory
Defeat
🇰🇿 Japanese · Kazakhstan
1111
+17
🇹🇼 Wu · Taiwan
1138
-17
albaevaarina0
9:56 Loom
12:22 Feudal Age
13:11 Double-Bit Axe
14:37 Fishing Lines
17:14 Castle Age
17:21 Castle Age
15:50 Fletching
18:10 Stone Mining
20:57 Medium Warships
20:46 Gold Mining
23:27 Scale Mail Armor
apple730323
12:10 Feudal Age
11:55 Loom
12:57 Double-Bit Axe
12:54 Horse Collar
18:29 Castle Age
18:33 Gold Mining
18:34 Stone Mining
19:35 Bow Saw
19:28 Heavy Plow
19:41 Fletching
21:53 Bloodlines
22:20 Bodkin Arrow
24:49 Town Watch
26:24 Scale Barding Armor
27:30 Wheelbarrow
Connection lost

Rejoining the realm…

Still unreachable

The connection could not be restored.

Session expired

The server has moved on; the page needs a fresh start.